 Dungeon Crawl Stone Soup version 0.19-a0-231-gae044c8 (console) character file.

74 Lososik the Skirmisher (level 4, 36/36 HPs)
             Began as a Demonspawn Fighter on May 24, 2016.
             Quit the game on level 2 of the Dungeon.
             The game lasted 00:03:54 (1681 turns).

Lososik the Skirmisher (Demonspawn Fighter)         Turns: 1681, Time: 00:03:54

Health: 36/36      AC:  6    Str: 17    XL:     4   Next: 9%
Magic:  4/4        EV:  7    Int: 10    God:
Gold:   70         SH: 11    Dex: 12    Spells: 0 memorised, 3 levels left

rFire  . . .     SeeInvis .     a - +0 trident
rCold  . . .     Gourm    .     b - +0 scale mail
rNeg   . . .     Faith    .     c - +0 shield
rPois  .         Spirit   .     (no helmet)
rElec  .         Dismiss  .     (no cloak)
rCorr  .         Reflect  +     (no gloves)
SustAt .         Harm     .     (no boots)
MR     .....                    h - +2 amulet of reflection
Stlth  ..........               (no ring)
                                p - ring of wizardry

@: not resistant to hostile enchantments, extremely unstealthy
A: talons 1, demonic guardian 1, spiny 1
a: no special abilities


You were on level 2 of the Dungeon.
You were hungry.

You visited 1 branch of the dungeon, and saw 2 of its levels.

You collected 70 gold pieces.

Inventory:

Hand Weapons
 a - a +0 trident (weapon)
Armour
 b - a +0 scale mail (worn)
 c - a +0 shield (worn)
Jewellery
 h - a +2 amulet of reflection (around neck)
 p - a ring of wizardry (left hand)
Scrolls
 g - 2 scrolls of remove curse {unknown}
 l - a scroll of magic mapping {unknown}
 n - a scroll of enchant armour {unknown}
 o - 2 scrolls of identify {unknown}
 t - a scroll of enchant weapon {unknown}
Potions
 d - a potion of might
 e - a potion of flight {unknown}
 j - a potion of invisibility {unknown}
 k - a potion of brilliance {unknown}
 m - 2 potions of curing {unknown}
 s - a potion of berserk rage {unknown}
Comestibles
 f - a bread ration
 i - a meat ration
 r - a slice of pizza


   Skills:
 * Level 3.6 Fighting
 - Level 2.0 Polearms
 * Level 3.3 Armour
 * Level 1.3 Dodging
 + Level 2.9 Shields


You had 3 spell levels left.
You didn't know any spells.

Dungeon Overview and Level Annotations

Branches:
Dungeon (2/15)

Altars:
Nemelex Xobeh


Innate Abilities, Weirdness & Mutations

You have sharp toenails.
A weak demonic guardian rushes to your aid.
You are partially covered in sharp spines.


Message History

There is an open door here.
You are feeling hungry.
The gnoll shouts!
You closely miss the gnoll. Your kick misses the gnoll.
The gnoll is struck by your spines. The gnoll hits you but does no damage.
You closely miss the gnoll. You claw the gnoll, but do no damage.
The gnoll is severely wounded.
The gnoll barely misses you.
You hit the gnoll.
The gnoll is almost dead.
The gnoll is struck by your spines.
You kill the gnoll!
Your Polearms skill increases to level 2!
You have reached level 4!
You feel clever.
Your demonic ancestry asserts itself...
You feel the presence of a demonic guardian.
No target in view!
Quiver which item? (- for none, * to show all) (? for menu, Esc to quit)
Okay, then.
Are you sure you want to abandon this character and quit the game? (Confirm with "yes".)

∙▒▒▒▒▒▒▒▒▒▒▒▒∙∙▒▒∙∙▒▒▒▒▒▒▒▒▒▒∙∙∙▒
▒▒ ▒▒▒▒▒▒▒∙▒▒∙∙∙∙∙∙∙∙∙∙∙∙∙∙∙▒
▒∙∙∙∙∙∙∙∙∙▒∙▒▒▒▒▒▒▒▒▒▒▒∙∙▒
▒∙▒▒▒▒▒∙∙▒∙∙∙∙∙∙∙∙∙∙∙∙∙∙∙∙
▒∙▒∙∙∙∙▒∙▒%∙▒▒▒▒▒▒▒▒▒▒∙▒∙▒
▒∙▒∙▒▒∙▒∙∙∙∙▒ ▒∙▒∙▒ ▒∙▒∙∙∙∙▒∙∙∙∙▒
▒>▒∙▒ ▒▒▒▒▒▒▒▒∙▒∙▒∙∙▒∙∙∙∙▒ ▒∙▒∙▒
∙∙∙∙∙∙∙∙∙∙∙▒∙∙▒∙∙∙∙▒ ▒∙▒∙▒
▒▒▒▒▒▒▒▒∙▒∙▒∙∙▒∙∙∙∙▒ ▒∙▒∙∙
▒∙▒∙▒∙∙▒∙∙∙∙▒ ▒∙▒▒▒ ▒∙▒∙▒∙∙▒∙∙∙∙▒
▒∙▒ ▒∙▒∙▒∙∙▒∙▒∙∙▒ ▒∙▒ ▒▒▒▒▒
▒∙▒∙▒▒▒▒∙▒∙∙▒▒▒▒▒▒▒▒▒▒∙▒ ∙∙∙∙▒
▒∙▒∙∙∙∙∙∙∙∙∙∙∙∙∙∙∙∙∙∙∙∙▒ ∙∙∙∙▒
▒∙▒▒▒▒▒▒∙∙∙∙∙∙∙∙▒▒▒▒▒▒▒▒ ∙∙∙∙▒
∙(∙∙∙∙∙∙@∙>∙∙▒∙▒▒▒▒▒▒▒
∙∙∙∙▒▒▒▒▒▒▒▒▒▒▒∙▒▒▒∙∙▒∙∙∙∙∙∙∙▒▒▒▒
∙∙∙∙▒∙∙∙∙∙∙∙∙∙∙∙▒ ▒∙∙▒∙∙∙∙∙∙∙∙∙∙∙
∙∙∙∙∙∙∙∙∙▒▒▒▒▒▒▒▒ ▒∙∙▒▒∙∙∙∙∙∙▒▒▒▒
∙∙∙∙∙∙∙∙∙▒ ▒∙∙∙∙∙∙∙∙∙∙■ ▒∙
∙∙∙∙∙∙∙∙∙▒ ▒∙▒▒▒∙∙∙∙∙∙▒ ▒∙
∙∙∙∙∙∙∙∙∙▒ ▒∙▒ ▒∙∙∙∙∙∙▒ ▒∙
▒▒▒■▒∙▒▒▒▒▒ ▒∙▒ ▒∙∙∙∙∙∙▒ ▒∙
∙∙▒∙∙∙∙∙∙∙▒ ▒∙▒ ▒∙∙∙∙∙∙▒ ▒∙
▒∙∙∙∙∙∙∙∙∙▒ ▒▒▒▒▒▒▒∙▒ ▒∙∙∙∙∙∙▒ ▒∙
▒∙∙∙∙∙∙∙∙∙▒ ▒∙∙∙∙∙▒∙▒ ▒▒
▒∙∙∙∙∙▒▒▒▒▒▒▒∙∙∙∙∙▒∙▒
▒∙∙∙∙∙∙∙∙∙∙∙∙∙∙∙∙∙'∙▒
∙∙▒■▒▒▒▒▒▒▒▒▒∙∙∙∙∙▒▒▒ ▒▒▒∙▒
▒∙∙∙∙∙▒ ∙∙∙∙▒ ▒∙∙∙∙∙▒ ▒▒▒▒▒
▒∙∙∙∙∙▒


There were no monsters in sight!

Vanquished Creatures
  An adder (D:2)
  2 gnolls
  A worm (D:2)
  A dart slug (D:2)
  4 giant geckos (D:2)
  A giant cockroach (D:1)
  3 goblins (D:1)
  6 hobgoblins
  A jackal (D:2)
  A quokka (D:2)
  A ball python (D:2)
  5 bats
  2 giant newts
  3 kobolds (D:1)
  7 rats
39 creatures vanquished.

Notes
Turn   | Place    | Note
--------------------------------------------------------------
     0 | D:1      | Lososik the Demonspawn Fighter began the quest for the Orb.
     0 | D:1      | Reached XP level 1. HP: 18/18 MP: 1/1
   288 | D:1      | Gained mutation: You are partially covered in sharp spines. [demonic ancestry]
   288 | D:1      | Reached XP level 2. HP: 24/24 MP: 2/2
  1017 | D:2      | Gained mutation: You have sharp toenails. [demonic ancestry]
  1017 | D:2      | Reached XP level 3. HP: 29/29 MP: 3/3
  1128 | D:2      | Reached skill level 1 in Dodging
  1560 | D:2      | Found a sparkling altar of Nemelex Xobeh.
  1680 | D:2      | Gained mutation: A weak demonic guardian rushes to your aid. [demonic ancestry]
  1680 | D:2      | Reached XP level 4. HP: 36/36 MP: 4/4
  1681 | D:2      | Quit the game

Vault maps used:
D:1:      lemuel_arrival_hallway
D:2:      nemelex_xobeh_ov_fountains_minmay, kennysheep_generic_room_14

Skill      XL: |  1  2  3 |
---------------+----------+-----
Armour         | 3 |  3.3
Dodging        | 1 |  1.3
Polearms       | 2 |  2.0
Fighting       | |  3.6
Shields        | |  2.9

Action                   |  1- 3 |  4- 6 || total
-------------------------+-------+-------++-------
Melee: Trident           |   111 |       ||   111
       Kick              |     8 |       ||     8
  Eat: Chunk             |     2 |       ||     2
Armor: Scale mail        |    30 |       ||    30
Dodge: Dodged            |    23 |       ||    23
Block: Shield            |    31 |       ||    31
